Map: Orbital Shipyard

Players

Javert

  • Race: Zerg Zerg
  • League: Grandmaster

Whocares - Winner!

  • Race: Zerg Zerg
  • League: Grandmaster

VOD

Have the link to the VOD?

Description

Time

  • Played on: June 20, 2015, 11:43 p.m.
  • Length: 4:26
Show
View Real Time Build Order
Export as new Build Order

Javert Zerg 

Build Orders: Hatch First 

Get SALT Encoding   

  12  0:01  Drone  
  13  0:13  Drone  
  14  0:19  Extractor  
  14  0:20  Drone  
  15  0:39  Hatchery  
  14  0:44  Extractor  
  14  0:45  Extractor  
  14  0:47  Drone  
  13  0:50  Drone  
  13  0:55  Overlord  
  16  1:11  Spawning Pool  
  16  1:16  Drone x2  
  17  1:20  Extractor  
  17  1:24  Drone  
  17  1:32  Drone  
  18  1:45  Drone  
  19  1:55  Drone x2  
  19  1:59  Queen  
  19  2:00  Queen  
  25  2:04  Overlord  
  25  2:11  Zergling x2  
  26  2:20  Drone x2  
  28  2:24  Metabolic Boost  
  28  2:32  Drone x2  
  30  2:46  Drone x4  
  34  3:02  Drone x2  
  35  3:24  Overlord x2  
  35  3:30  Baneling Nest  
  35  3:33  Zergling x4  
  36  3:45  Roach Warren  
  35  3:49  Zergling x12  
Show
View Real Time Build Order
Export as new Build Order

Whocares Zerg - Winner!

Build Orders: Hatch First, Zergling Baneling 

Get SALT Encoding   

  12  0:18  Drone  
  12  0:19  Drone  
  12  0:20  Overlord  
  14  0:32  Drone, Extractor  
  14  0:33  Extractor  
  15  0:40  Drone  
  16  0:53  Drone  
  17  1:02  Hatchery  
  17  1:03  Drone  
  17  1:09  Extractor  
  16  1:13  Drone  
  16  1:17  Spawning Pool  
  16  1:23  Drone  
  17  1:35  Drone  
  18  1:45  Drone  
  19  2:05  Queen  
  21  2:10  Metabolic Boost  
  21  2:14  Queen  
  21  2:15  Drone x3  
  26  2:28  Overlord  
  26  2:30  Drone  
  26  2:31  Drone  
  28  2:39  Baneling Nest, Drone  
  28  2:47  Queen  
  28  2:49  Drone x2  
  32  2:54  Zergling x2  
  32  2:58  Overlord  
  33  3:00  Zergling x2  
  34  3:16  Zergling x12  
  40  3:25  Zergling x2  
  40  3:26  Zergling x6  
  44  3:29  Overlord x2  
  44  3:44  Baneling x2  
  44  3:47  Baneling x2  
  44  3:49  Zergling x8  
  44  3:55  Baneling x2  
  48  3:56  Baneling  
  48  3:57  Baneling  
Tags
 
Add a new tag
Caveats
  • Supply blocks, unpowered buildings, or Contaminate may cause inaccurate times.
  • Supply counts are checked every 10 seconds.